 Dungeon Crawl Stone Soup version 0.26-a0-64-g059e62fbdb (webtiles) character file.

Game seed: 12204466460659862557

52108 Error4North the Severer (level 14, -6/190 (193) HPs)
             Began as a Hill Orc Fighter on June 9, 2020.
             Was the Champion of Okawaru.
             Mangled by a death yak (13 damage)
             ... on level 6 of the Lair of Beasts on June 11, 2020.
             The game lasted 01:17:23 (17825 turns).

Error4North the Severer (Hill Orc Fighter)         Turns: 17825, Time: 01:17:24

HP:   -6/190 (193)  AC: 27    Str: 29    XL:     14   Next: 62%
MP:   16/21         EV:  2    Int:  7    God:    Okawaru [******]
Gold: 1146          SH: 15    Dex: 17    Spells: 13/13 levels left

rFire    . . .     SeeInvis .   R - +8 war axe of Vurebong {speed, *Noise +Rage rElec Dex+3}
rCold    . . .     Gourm    .   c - +0 kite shield
rNeg     + + +     Faith    .   (armour currently unavailable)
rPois    +         Spirit   .   (helmet currently unavailable)
rElec    +         Reflect  .   (cloak currently unavailable)
rCorr    .         Harm     .   (gloves currently unavailable)
MR       ++...     NoTele   +   (boots currently unavailable)
Stlth    +++.......             S - amulet of Gerit {Acrobat +Blink rElec Int-2 Dex+4}
HPRegen  0.41/turn              N - +6 ring of strength
MPRegen  0.17/turn              K - ring "Uboikhled" {rN+ MR+ EV+4}

@: tree-form, heroism, finesse, berserk cooldown, slowed, very slow
A: no striking features
a: Heroism, Finesse, Renounce Religion, Evoke Blink, Evoke Berserk Rage


You were on level 6 of the Lair of Beasts.
You worshipped Okawaru.
Okawaru was exalted by your worship.
You were near starving.
You were a tree.
You visited 3 branches of the dungeon, and saw 17 of its levels.
You also visited: Sewer and Gauntlet.

You collected 1146 gold pieces.

Inventory:

Hand Weapons
 v - a +1 hand axe of flaming
 R - the +8 war axe of Vurebong (weapon) {speed, *Noise +Rage rElec Dex+3}
   (You found it on level 1 of the Lair of Beasts)

   Attacks with this weapon are significantly faster.
   It affects your dexterity (+3).
   It insulates you from electricity.
   It lets you go berserk.
   It may make noises in combat.
Missiles
 e - 5 silver boomerangs
 i - 17 boomerangs (quivered)
Armour
 c - a +0 kite shield (worn)
 g - a +2 cloak (melded)
 t - a +0 plate armour (melded)
 C - a +2 helmet (melded)
 I - a +1 pair of boots (melded)
 O - a +0 pair of gloves of archery (melded)
Jewellery
 o - an uncursed ring of fire {unknown}
 x - an uncursed ring of protection from fire {unknown}
 K - the ring "Uboikhled" (right branch) {rN+ MR+ EV+4}
   (You took it off a gnoll on level 8 of the Dungeon)

   [ring of evasion]

   It affects your evasion (+4).
   It protects you from negative energy.
   It affects your resistance to hostile enchantments.
 N - a +6 ring of strength (left branch)
 S - the amulet of Gerit (around neck) {Acrobat +Blink rElec Int-2 Dex+4}
   (You found it in a Gauntlet)

   [amulet of the acrobat]

   It helps you evade while moving and waiting.
   It affects your intelligence (-2).
   It affects your dexterity (+4).
   It insulates you from electricity.
   It lets you blink.
Wands
 m - a wand of flame (9)
 s - a wand of polymorph (4)
 J - a wand of paralysis (16)
 L - a wand of enslavement (9)
 M - a wand of acid (6)
 Q - a wand of random effects (15)
 U - a wand of digging (5)
 X - a wand of iceblast (6)
Scrolls
 b - 3 scrolls of enchant armour
 h - 9 scrolls of amnesia
 l - 9 scrolls of teleportation
 p - 8 scrolls of identify
 q - 8 scrolls of remove curse
 r - 2 scrolls of fog
 y - a scroll of random uselessness
 z - 4 scrolls of noise
 A - 5 scrolls of enchant weapon
 B - 2 scrolls of fear {unknown}
 D - a scroll of summoning {unknown}
 F - 3 scrolls of magic mapping {unknown}
 G - a scroll of vulnerability {unknown}
 H - a scroll of blinking {unknown}
 T - a scroll of acquirement {unknown}
Potions
 a - a potion of resistance
 d - a potion of might
 j - 6 potions of lignification
 k - 3 potions of invisibility {unknown}
 n - 5 potions of stabbing {unknown}
 u - 4 potions of degeneration {unknown}
 w - a potion of brilliance {unknown}
 E - 3 potions of curing {unknown}
 P - a potion of cancellation {unknown}
 V - a potion of haste
 W - 2 potions of heal wounds {unknown}
 Z - 2 potions of flight {unknown}
Comestibles
 f - 21 rations
 Y - 18 chunks of flesh


   Skills:
 * Level 13.1(18.1) Fighting
 * Level 18.4(23.4) Axes
 + Level 1.3(6.3) Throwing
 * Level 11.2(16.2) Armour
 + Level 1.4(6.4) Dodging
 + Level 0.2(5.2) Stealth
 * Level 10.0(15.0) Shields
 * Level 10.2 Invocations
 * Level 7.5 Evocations


You had 13 spell levels left.
You didn't know any spells.
Your spell library contained the following spells:

 Spells                   Type           Power        Failure   Level  Hunger
 Animate Skeleton         Necr           N/A          43%         1    ##.....
 Apportation              Tloc           #.....       43%         1    ##.....
 Corona                   Hex            #......      43%         1    ##.....
 Pain                     Necr           #...         43%         1    ##.....
 Shock                    Conj/Air       #...         43%         1    ##.....
 Sting                    Tmut/Pois      #...         43%         1    ##.....
 Summon Small Mammal      Summ           #...         43%         1    ##.....
 Call Imp                 Summ           #.......     56%         2    ###....
 Poisonous Vapours        Pois/Air       #.....       56%         2    ###....
 Swiftness                Chrm/Air       #.......     56%         2    ###....
 Call Canine Familiar     Summ           #.......     80%         3    ####...
 Ignite Poison            Fire/Tmut/Pois #.......     80%         3    ####...
 Mephitic Cloud           Conj/Pois/Air  #.......     80%         3    ####...
 Static Discharge         Conj/Air       #.......     80%         3    ####...
 Stone Arrow              Conj/Erth      #.....       80%         3    ####...
 Summon Guardian Golem    Hex/Summ       #.......     80%         3    ####...
 Vampiric Draining        Necr           #.........   80%         3    ####...
 Airstrike                Air            #.........   99%         4    #####..
 Animate Dead             Necr           N/A          99%         4    #####..
 Leda's Liquefaction      Hex/Erth       #.........   99%         4    #####..
 Olgreb's Toxic Radiance  Pois           #.......     99%         4    #####..
 Summon Ice Beast         Ice/Summ       #.......     99%         4    #####..
 Summon Lightning Spire   Summ/Air       #.......     99%         4    #####..
 Agony                    Necr           #.......     100%        5    ######.
 Lightning Bolt           Conj/Air       #.........   100%        5    ######.
 Summon Forest            Summ/Tloc      #.........   100%        5    ######.


Dungeon Overview and Level Annotations

Branches:
Dungeon (10/15)            Temple (1/1) D:4            Lair (6/6) D:9
 Shoals (0/4) Lair:2       Spider (0/4) Lair:4        Slime (0/5) Lair:5
    Orc (0/2) D:9           Sewer (visited)         Gauntlet (visited)

Altars:
Ashenzari
Cheibriados
Dithmenos
Elyvilon
Fedhas
Gozag
Hepliaklqana
Kikubaaqudgha
Makhleb
Nemelex Xobeh
Okawaru
Qazlal
Ru
Sif Muna
Trog
Uskayaw
Vehumet
Wu Jian
Xom
Yredelemnul
Zin
The Shining One
Beogh
Jiyva

Annotations:
Lair:4 exclusion: 3 oklob plants


Message History

You block the death yak's attack.
You can now deal lightning-fast blows.
The death yak gores you!
* * * LOW HITPOINT WARNING * * *
The death yak gores you but does no damage.
You block the death yak's attack.
The death yak gores you but does no damage.
You block the death yak's attack. The death yak gores you!
* * * LOW HITPOINT WARNING * * *
It was a potion of lignification.
You turn into a tree.
Your +2 cloak melds into your body.
Your +2 helmet melds into your body.
Your +0 pair of gloves of archery melds into your body.
Your +1 pair of boots melds into your body.
Your +0 plate armour melds into your body.
Your aim is not that steady anymore.
Your roots penetrate the ground.
You are near starving!
You block the komodo dragon's attack.
A swamp drake comes into view.
The death yak gores you!
You die...

##......#...###
#.............#
......P##P...#
............##
................†††##
...........P..P.†††.#
.......##..##†.§†§.##
......P #Yl.##..†§.#
.......##♣Y.##.<...##
.......#.†YP†.k..†..####.
........#)..††..÷÷.......
...........†[............
.........................
........#P.......###.....
.......###..P#.##.# #....
....... ##..### ## ....
....... #P...# ...


You could see 3 death yaks, a komodo dragon and a swamp drake (wandering).

Vanquished Creatures
  Gastronok (Lair:2)
  A minotaur (Gauntlet)
  2 death oozes (Gauntlet)
  3 hydras
  Erica (D:9)
  2 two-headed ogres
  17 death yaks
  Urug (Lair:1)
  A cyclops (D:9)
  An ugly thing (D:9)
  The ghost of PIKKUHERKKO the Cleaver, a novice DsGl of Makhleb (D:8)
  15 elephants
  Psyche (D:9)
  A black mamba (Lair:5)
  A merfolk siren (Lair:2)
  Joseph (D:9)
  A torpor snail (Gauntlet)
  13 spiny frogs
  5 rime drakes
  10 komodo dragons
  2 jumping spiders (Lair:4)
  2 hornets (D:9)
  8 hippogriffs
  5 blink frogs (Lair:6)
  22 yaks
  A wraith (D:9)
  A wyvern (Lair:6)
  A steam dragon (Lair:6)
  Grum (D:8)
  3 hungry ghosts
  A soldier ant (D:9)
  17 water moccasins
  6 porcupines
  9 orc warriors
  5 sky beasts
  2 black bears
  An ice beast (D:5)
  5 centaurs
  3 ogres
  15 wolves
  9 crocodiles
  12 bullfrogs
  6 gnoll sergeants
  A water moccasin zombie (D:8)
  A wyvern skeleton (D:9)
  3 scorpions
  11 killer bees
  4 electric eels (D:8)
  3 howler monkeys
  7 crimson imps
  2 jellies (D:8)
  9 orc priests
  4 hounds
  2 bullfrog skeletons
  Crazy Yiuf (D:2)
  Terence (D:2)
  A hell rat (D:9)
  2 gnoll shamans
  5 iguanas
  7 orc wizards
  8 worker ants
  A bullfrog simulacrum (D:9)
  A hound zombie (D:10)
  2 hound skeletons
  A howler monkey zombie (D:8)
  2 worker ant zombies
  16 gnolls
  6 river rats
  15 adders
  3 shadow imps
  2 oozes
  An adder zombie (D:7)
  An adder skeleton (D:6)
  2 dart slugs
  9 leopard geckos
  54 orcs
  9 giant cockroaches
  2 goblins (D:1)
  8 hobgoblins
  10 jackals
  6 quokkas
  4 ball pythons
  17 bats
  18 frilled lizards
  7 kobolds
  A quokka skeleton (D:4)
  21 rats
  7 fungi
  4 plants
518 creatures vanquished.

Vanquished Creatures (others)
  A gnoll (D:8)
  A quokka (D:9)
  A bush (Lair:6)
  10 plants
  A withered plant (Gauntlet)
14 creatures vanquished.

Grand Total: 532 creatures vanquished

Notes
Turn   | Place    | Note
-------+----------+-------------------------------------------
     0 | D:1      | Error4North the Hill Orc Fighter began the quest for the
                  | Orb.
     0 | D:1      | Reached XP level 1. HP: 19/19 MP: 1/1
   275 | D:1      | Reached XP level 2. HP: 26/26 MP: 2/2
   776 | D:1      | Reached XP level 3. HP: 32/33 MP: 3/3
   945 | D:2      | Noticed Terence
   955 | D:2      | Killed Terence
   955 | D:2      | Reached skill level 3 in Axes
  1000 | D:2      | Reached XP level 4. HP: 37/40 MP: 4/4
  1044 | D:2      | Found a runed translucent door.
  1045 | D:2      | Noticed Crazy Yiuf
  1391 | D:2      | Reached skill level 4 in Axes
  1794 | D:2      | Killed Crazy Yiuf
  2472 | D:3      | Reached XP level 5. HP: 33/46 MP: 5/5
  2923 | D:3      | Reached skill level 5 in Axes
  3004 | D:3      | Found a glowing golden altar of the Shining One.
  3325 | D:3      | Found an ancient bone altar of Kikubaaqudgha.
  3326 | D:3      | Found a shimmering blue altar of Sif Muna.
  3328 | D:3      | Found a radiant altar of Vehumet.
  3330 | D:3      | Identified Kikubaaqudgha's Collected Works on Sinister
                  | Magic
  3520 | D:4      | Reached XP level 6. HP: 44/53 MP: 6/6
  3770 | D:3      | Reached skill level 5 in Armour
  3773 | D:3      | Reached skill level 1 in Dodging
  3979 | D:4      | Reached skill level 6 in Axes
  3979 | D:4      | Reached XP level 7. HP: 57/60 MP: 7/7
  4037 | D:3      | Reached skill level 5 in Fighting
  4237 | D:4      | Found a staircase to the Ecumenical Temple.
  4246 | Temple   | Entered the Ecumenical Temple
  4324 | Temple   | Became a worshipper of Warmaster Okawaru
  4398 | D:4      | Reached skill level 7 in Axes
  4680 | D:4      | Reached * piety under Okawaru
  4680 | D:4      | Reached XP level 8. HP: 58/69 MP: 8/8
  5004 | D:5      | Entered Level 5 of the Dungeon
  5033 | D:5      | Reached skill level 8 in Axes
  5404 | D:5      | Reached skill level 9 in Axes
  5734 | D:5      | Upgraded the game from 0.26-a0-61-g6c07f0ee8d to
                  | 0.26-a0-64-g059e62fbdb
  5787 | D:5      | Reached skill level 5 in Shields
  6006 | D:5      | Found a shimmering altar of Xom.
  6186 | D:6      | Found a glowing drain.
  6191 | Sewer    | Entered a sewer
  6413 | Sewer    | Reached skill level 10 in Axes
  6699 | D:6      | Reached XP level 9. HP: 76/77 MP: 9/9
  6849 | D:6      | Reached ** piety under Okawaru
  6849 | D:6      | Reached skill level 1 in Invocations
  6928 | D:6      | You fall into a shaft and drop 3 floors!
  6972 | D:9      | Reached skill level 1 in Evocations
  7048 | D:9      | Reached skill level 11 in Axes
  7093 | D:9      | Found a roughly hewn altar of Beogh.
  7093 | D:9      | Found a staircase to the Orcish Mines.
  7147 | D:9      | Noticed a death yak
  7148 | D:9      | Found a staircase to the Lair.
  7148 | D:9      | Noticed a death yak
  7149 | D:9      | Noticed Erica
  7163 | D:9      | Noticed a death yak
  7495 | D:8      | Noticed a two-headed ogre
  8351 | D:7      | Reached *** piety under Okawaru
  8351 | D:7      | Reached skill level 12 in Axes
  8351 | D:7      | Reached XP level 10. HP: 69/86 MP: 12/12
  9054 | D:7      | Found a glowing golden altar of the Shining One.
  9210 | D:8      | Noticed Grum
  9223 | D:8      | Killed Grum
  9271 | D:8      | Reached skill level 13 in Axes
  9327 | D:8      | Reached **** piety under Okawaru
  9362 | D:8      | Found a transporter.
  9362 | D:8      | Found a transporter.
  9381 | D:8      | Killed a two-headed ogre
  9408 | D:8      | Identified the ring "Uboikhled" {rN+ MR+ EV+4}
  9424 | D:8      | Noticed PIKKUHERKKO's ghost (novice DsGl)
 10590 | D:8      | Found a burning altar of Makhleb.
 10648 | D:8      | Killed PIKKUHERKKO's ghost
 10648 | D:8      | Reached skill level 5 in Invocations
 11101 | D:8      | Reached XP level 11. HP: 89/94 MP: 11/14
 11225 | D:9      | Noticed Psyche
 11232 | D:9      | Killed Psyche
 11232 | D:9      | Reached skill level 14 in Axes
 11271 | D:8      | Killed a death yak
 11271 | D:8      | Reached ***** piety under Okawaru
 11526 | D:9      | Found a stormy altar of Qazlal.
 11526 | D:9      | Found a shattered altar of Ashenzari.
 11526 | D:9      | Noticed Joseph
 11534 | D:9      | Killed Joseph
 11559 | D:9      | Found a sparkling altar of Nemelex Xobeh.
 11643 | D:9      | Found an opulent altar of Gozag.
 11643 | D:9      | Found a shadowy altar of Dithmenos.
 11646 | D:9      | Found a basalt altar of Yredelemnul.
 11982 | D:9      | Killed a death yak
 11995 | D:9      | Killed a death yak
 12270 | D:9      | Reached skill level 15 in Axes
 12483 | D:9      | Noticed a cyclops
 12493 | D:9      | Killed a cyclops
 12493 | D:9      | Received a gift from Okawaru
 12537 | D:9      | Noticed a green ugly thing
 12550 | D:9      | Killed a green ugly thing
 12847 | D:9      | Noticed a two-headed ogre
 12859 | D:9      | Killed a two-headed ogre
 13051 | D:9      | Killed Erica
 13051 | D:9      | Reached skill level 5 in Evocations
 13051 | D:9      | Reached XP level 12. HP: 104/104 MP: 14/16
 13056 | D:10     | Entered Level 10 of the Dungeon
 13286 | D:10     | Noticed a death knight
 13336 | Lair:1   | Entered Level 1 of the Lair of Beasts
 13359 | Lair:1   | Noticed Urug
 13373 | Lair:1   | Killed Urug
 13394 | Lair:1   | Reached skill level 16 in Axes
 13407 | Lair:1   | Got a polished war axe
 13412 | Lair:1   | Identified the +8 war axe of Vurebong {speed, *Noise +Rage
                  | rElec Dex+3} (You found it on level 1 of the Lair of
                  | Beasts)
 13477 | Lair:1   | Found a gate leading to a gauntlet.
 13504 | Gauntlet | Entered a Gauntlet
 13504 | Gauntlet | Found a transporter.
 13504 | Gauntlet | Found a transporter.
 13507 | Gauntlet | Found a transporter.
 13507 | Gauntlet | Found a transporter.
 13511 | Gauntlet | Found a transporter.
 13511 | Gauntlet | Found a transporter.
 13544 | Gauntlet | Found a transporter.
 13548 | Gauntlet | Found a transporter.
 13564 | Gauntlet | Found a transporter.
 13569 | Gauntlet | Found a transporter.
 13569 | Gauntlet | Noticed a death yak
 13570 | Gauntlet | Noticed a death yak
 13573 | Gauntlet | Noticed a death yak
 13578 | Gauntlet | Noticed a death yak
 13579 | Gauntlet | Noticed a death yak
 13585 | Gauntlet | Noticed a death yak
 13587 | Gauntlet | Found a transporter.
 13591 | Gauntlet | Found a transporter.
 13593 | Gauntlet | Found a runed translucent door.
 13594 | Gauntlet | Noticed a death ooze
 13595 | Gauntlet | Found a runed translucent door.
 13606 | Gauntlet | Noticed a death ooze
 13747 | Gauntlet | Killed a death ooze
 13819 | Gauntlet | Killed a death ooze
 13819 | Gauntlet | Reached skill level 10 in Fighting
 13836 | Gauntlet | Killed a death yak
 13842 | Gauntlet | Killed a death yak
 13850 | Gauntlet | Killed a death yak
 13860 | Gauntlet | Killed a death yak
 13870 | Gauntlet | Killed a death yak
 13876 | Gauntlet | Killed a death yak
 13903 | Gauntlet | Got a coiled graven amulet
 14091 | Gauntlet | Identified the amulet of Gerit {Acrobat +Blink rElec Int-2
                  | Dex+4} (You found it in a Gauntlet)
 14159 | Gauntlet | Identified the +8 rapier of the Hungering Owl {elec,
                  | Stlth+}
 14159 | Gauntlet | Noticed a minotaur
 14169 | Gauntlet | Killed a minotaur
 14174 | Gauntlet | Identified Rifichebi's Collected Works on the Earthen
                  | Escort
 14181 | Lair:1   | Reached XP level 13. HP: 63/112 MP: 15/19
 14573 | Lair:2   | Reached skill level 17 in Axes
 14573 | Lair:2   | Reached skill level 10 in Armour
 14606 | Lair:2   | Noticed Gastronok
 14618 | Lair:2   | Killed Gastronok
 14618 | Lair:2   | Reached ****** piety under Okawaru
 14881 | Lair:2   | Received a gift from Okawaru
 15126 | Lair:2   | Found a staircase to the Shoals.
 16612 | Lair:4   | Found a hole to the Spider Nest.
 16751 | Lair:4   | Received a gift from Okawaru
 17183 | Lair:5   | Reached skill level 1 in Throwing
 17186 | Lair:5   | Reached XP level 14. HP: 124/124 MP: 19/21
 17196 | Lair:5   | Received a gift from Okawaru
 17235 | Lair:5   | Found a staircase to the Slime Pits.
 17235 | Lair:5   | Found a viscous altar of Jiyva.
 17653 | Lair:6   | Entered Level 6 of the Lair of Beasts
 17663 | Lair:6   | Reached skill level 18 in Axes
 17707 | Lair:6   | Reached skill level 10 in Invocations
 17815 | Lair:6   | Received a gift from Okawaru
 17815 | Lair:6   | Reached skill level 10 in Shields
 17824 | Lair:6   | HP: 4/127 [death yak (8)]
 17825 | Lair:6   | Mangled by a death yak

Illustrated notes

Levels and vault maps discovered:
D:1:      dpeg_arrival_rooms_with_view, layout_basic, serial_bayou_pond_d,
          due_unseen_surprise
D:2:      layout_basic, uniq_crazy_yiuf_cottage, uniq_terence
D:3:      layout_loops_ring, grunt_temple_overflow_magic_moments, tso_altar
D:4:      layout_rooms, temple_hall, chequers_serial_rivers_small_b,
          minmay_vboxes
D:5:      layout_basic, led_xom_imps, first_ration, hangedman_decor_slide_cut,
          roderic_batcave, minmay_lizard_king
D:6:      layout_cave_pods, portal_sewer_entry_e
D:7:      lemuel_ratsnest, layout_basic, lemuel_doored_altar
D:8:      layout_basic, makhleb_grotto_becter, serial_bayou,
          serial_bayou_crossing, serial_bayou_shore_a, serial_bayou_pond_e,
          serial_bayou_pond_e, gammafunk_ghost_gnarly_gnolls, uniq_grum
D:9:      layout_gridville, nemelex_xobeh_ov_fountains_minmay,
          grunt_temple_overflow_open, dpeg_lair_monsters, david_orc_5,
          hangedman_pestilent_swarm, minmay_evil_grid, uniq_joseph, uniq_psyche,
          uniq_erica
D:10:     layout_layer_cave
Temple:   eino_temple_lava
Lair:1:   layout_big_grid, gauntlet_entry_generic, uniq_urug
Lair:2:   layout_roguey, minmay_shoals_entry_lonely_mermaid, uniq_gastronok
Lair:3:   layout_concentric_octagons
Lair:4:   layout_misc_corridors, spider_nest_entry_a, minmay_lair_oklob_chamber,
          grunt_megastairs_2, serial_bayou_shore_b
Lair:5:   layout_cave_shapes, slime_altar_1, cheibrodos_lair_reptile_den
Lair:6:   evil_forest, layout_small_grid, guppyfry_lair_drakes

Skill      XL: |  1  2  3  4  5  6  7  8  9 10 11 12 13 14 |
---------------+-------------------------------------------+-----
Armour         | 4 5 6 7 8 9 10 11 | 11.2
Axes           | 3 4 5 6 7 10 12 13 15 16 17 18 | 18.4
Fighting       | 4 5 6 7 8 9 10 12 13 | 13.1
Shields        | 4 5 6 7 8 9 10 | 10.0
Dodging        | 1 |  1.4
Invocations    | 3 5 6 8 9 10 | 10.2
Evocations     | 2 3 5 6 7 |  7.5
Throwing       | 1 |  1.3
Stealth        | |  0.2

Action                   |  1- 3 |  4- 6 |  7- 9 | 10-12 | 13-15 || total
-------------------------+-------+-------+-------+-------+-------++-------
Melee: War axe           |    94 |   160 |   421 |    73 |   395 ||  1143
       Broad axe         |       |       |    68 |   424 |       ||   492
       Hand axe          |       |       |       |       |    28 ||    28
Throw: Boomerang         |       |       |    11 |     2 |    22 ||    35
Invok: Heroism           |       |       |     5 |    27 |     8 ||    40
       Finesse           |       |       |       |     2 |     2 ||     4
 Abil: Evoke Berserk Rag |       |       |       |       |     1 ||     1
Evoke: Wand              |       |       |       |     6 |       ||     6
  Use: Scroll            |       |     1 |     2 |     4 |     9 ||    16
       Potion            |       |       |     1 |     1 |     1 ||     3
  Eat: Chunk             |       |     9 |    15 |     5 |     7 ||    36
       Ration            |       |       |     1 |     5 |     1 ||     7
Armor: Scale mail        |    48 |    69 |       |       |       ||   117
       Plate armour      |       |    49 |   271 |   195 |   112 ||   627
Dodge: Dodged            |    29 |    46 |    98 |   102 |   138 ||   413
Block: Kite shield       |    39 |   131 |   295 |   283 |   224 ||   972

Table legend:
 A = Non-vault XP
 B = Vault XP
 C = Vault XP percentage of total XP
 D = Non-vault monster count
 E = Vault monster count
 F = Vault count percentage of total count
                 A         B        C        D         E       F
            +---------+---------+-------+---------+---------+-------
      Total |   45501 |   28939 |  38.9 |     335 |     172 |  33.9
            +---------+---------+-------+---------+---------+-------
        D:1 |      30 |       8 |  21.1 |      18 |       2 |  10.0
        D:2 |      38 |      78 |  67.2 |      15 |       2 |  11.8
        D:3 |     336 |     107 |  24.2 |      28 |       2 |   6.7
        D:4 |     630 |       0 |   0.0 |      27 |       0 |   0.0
        D:5 |     647 |     260 |  28.7 |      11 |      24 |  68.6
        D:6 |     799 |       0 |   0.0 |      22 |       0 |   0.0
        D:7 |     885 |     585 |  39.8 |      32 |      23 |  41.8
        D:8 |    1982 |    2679 |  57.5 |      26 |      21 |  44.7
        D:9 |    1225 |    8301 |  87.1 |      23 |      48 |  67.6
       D:10 |     912 |       0 |   0.0 |      12 |       0 |   0.0
     Lair:1 |    3391 |     843 |  19.9 |      18 |       1 |   5.3
     Lair:2 |    4396 |    2614 |  37.3 |      21 |       2 |   8.7
     Lair:3 |    5115 |       0 |   0.0 |      18 |       0 |   0.0
     Lair:4 |    1985 |    1680 |  45.8 |       5 |       6 |  54.5
     Lair:5 |    8684 |     650 |   7.0 |      20 |       7 |  25.9
     Lair:6 |   14446 |    1887 |  11.6 |      39 |       7 |  15.2
      Sewer |       0 |     130 | 100.0 |       0 |      17 | 100.0
   Gauntlet |       0 |    9117 | 100.0 |       0 |      10 | 100.0
            +---------+---------+-------+---------+---------+-------
